 Dungeon Crawl Stone Soup version 0.31.0-32-g396128a36d (webtiles) character file.

Game seed: 7236850670208273641

5606 H0rd4k the Martial Artist (level 10, -2/66 HPs)
             Began as an Octopode Artificer on Apr 22, 2024.
             Was an Initiate of Gozag.
             Succumbed to a kobold brigand's poison
             ... on level 9 of the Dungeon on Apr 23, 2024.
             The game lasted 00:11:27 (8350 turns).

H0rd4k the Martial Artist (Octopode Artificer)      Turns: 8350, Time: 00:11:27

Health: -2/66      AC:  1    Str: 11    XL:     10   Next: 73%
Magic:  21/21      EV: 13    Int: 17    God:    Gozag
Gold:   585        SH:  5    Dex: 14    Spells: 12/12 levels left

rFire   + .          .
                       - Unarmed
rCold   . . .        (no shield)
rNeg    . . .        (helmet currently unavailable)
rPois   .            d - amulet of reflection
rElec   .            u - ring of magical power
rCorr   .            B - ring of willpower
SInv    .            a - ring of protection from fire
Will    +....        (no ring)
Stlth   +++          (no ring)
HPRegen 0.31/turn    (no ring)
MPRegen 0.17/turn    (no ring)
                     (no ring)

%: reflection
@: lethally poisoned (-2 -> -9), beast-form, attractive, slowed, very slow
A: beast (slay +4), almost no armour, amphibious, 8 rings, camouflage 1,
gelatinous body 1, (nimble swimmer 1), tentacles
a: Begin Untransformation, Renounce Religion, Potion Petition, Call Merchant,
Bribe Branch


You were on level 9 of the Dungeon.
You worshipped Gozag.
Gozag was pleased with you.
You were a hulking beast.
You visited 2 branches of the dungeon, and saw 10 of its levels.

You collected 766 gold pieces.
You paid 181 gold pieces to Gozag.

Inventory:

Missiles
 r - 27 poisoned darts (quivered)
 s - a throwing net
Armour
 p - an orb of energy
Jewellery
 a - a ring of protection from fire (on tentacle)
 d - an amulet of reflection (around mantle)
 u - a ring of magical power (left tentacle)
 B - a ring of willpower (right tentacle)
Talismans
 e - a beast talisman (active)
Wands
 b - a wand of flame (1)
 c - a wand of charming (12)
Scrolls
 f - 2 scrolls of amnesia
 g - 2 scrolls of noise
 j - 7 scrolls of teleportation
 k - 4 scrolls of vulnerability
 n - a scroll of enchant weapon
 y - 2 scrolls of revelation
 z - 2 scrolls of blinking
 A - 3 scrolls of poison
 E - 2 scrolls of fog
 F - 3 scrolls of immolation
Potions
 i - 3 potions of lignification
 l - a potion of attraction
 m - a potion of invisibility {unknown}
 o - a potion of haste {unknown}
 q - a potion of brilliance {unknown}
 t - a potion of mutation {unknown}
 w - a potion of heal wounds {unknown}


   Skills:
 + Level 5.3 Fighting
 + Level 1.4 Throwing
 - Level 2.3 Dodging
 - Level 1.3 Stealth
 - Level 0.9 Shields
 - Level 11.2 Unarmed Combat
 * Level 1.6 Spellcasting
 - Level 3.2 Evocations
 * Level 8.3 Shapeshifting


You had 12 spell levels left.
You didn't know any spells.
Your spell library contained the following spells:

 Spells                   Type           Power      Damage    Failure   Level
 Sandblast                Erth           2%         2d4       21%         1
 Shock                    Conj/Air       4%         1d3       21%         1
 Slow                     Hex            4%         N/A       21%         1
 Static Discharge         Conj/Air       2%         3-4/arc   30%         2
 Passwall                 Erth           1%         N/A       52%         3
 Stone Arrow              Conj/Erth      2%         3d7       52%         3
 Swiftness                Air            1%         N/A       52%         3
 Airstrike                Air            0%         2d(1-17)  90%         4
 Brom's Barrelling Bould  Conj/Erth      1%         2d3       90%         4
 Summon Lightning Spire   Summ/Air       1%         N/A       90%         4
 Irradiate                Conj/Alch      0%         3d11      99%         5
 Yara's Violent Unravell  Hex/Alch       0%         3d3       99%         5
 Discord                  Hex            0%         N/A       100%        8


Dungeon Overview and Level Annotations

Branches:
Dungeon (9/15)             Temple (1/1) D:7            Lair (0/5) D:9
    Orc: D:9-12

Altars:
Ashenzari
Cheibriados
Dithmenos
Elyvilon
Fedhas
Gozag
Hepliaklqana
Kikubaaqudgha
Makhleb
Nemelex Xobeh
Okawaru
Qazlal
Ru
Sif Muna
Trog
Uskayaw
Vehumet
Wu Jian
Xom
Yredelemnul
Zin
The Shining One

Annotations:
D:3 1 runed translucent door, exclusion: door, Crazy Yiuf
D:4 exclusion: upstairs
D:5 exclusion: 2 downstairs
D:8 exclusion: downstairs


Innate Abilities, Weirdness & Mutations

You are a hulking beast.
Your limbs bulge with bestial killing power. (Slay +4)
You cannot wear most types of armour.
You are amphibious.
You can wear up to eight rings at the same time.
Your skin changes colour to match your surroundings (Stealth+).
Your rubbery body absorbs attacks. (AC +1, EV +1)
((You are camouflaged when in or above water. (Stealth+)))
You have tentacles for arms and can constrict up to eight enemies at once.


Message History

The curare-tipped dart hits you.
You are more poisoned.
You have difficulty breathing.
You feel as though you will be slow longer.
You feel extremely sick.
The kobold brigand throws a poisoned dart.
The poisoned dart hits you!
You are more poisoned.
You tentacle-slap the kobold brigand but do no damage.
You grab the kobold brigand. You squeeze the kobold brigand.
The kobold brigand is lightly wounded.
You constrict the kobold brigand.
You feel extremely sick. The kobold brigand barely misses you.
You tentacle-slap the kobold brigand.
The kobold brigand is moderately wounded.
You constrict the kobold brigand.
You feel very sick. The killer bee stings you.
* * * LOW HITPOINT WARNING * * *
The killer bee stings you.
* * * LOW HITPOINT WARNING * * *
The kobold brigand struggles to escape constriction.
The killer bee barely misses you.
As you read the scroll of fear, it crumbles to dust.
You assume a fearsome visage.
The killer bee looks frightened!
The kobold brigand looks frightened! x2; You constrict the kobold brigand.
* * * LOW HITPOINT WARNING * * *
You feel very sick.
The kobold brigand gives up.
The kobold brigand escapes!
It was a potion of attraction.
You feel attractive to monsters.
* * * LOW HITPOINT WARNING * * *
You feel very sick.
The kobold brigand is attracted toward you. x2
The killer bee is attracted toward you.
It was a potion of magic.
Magic courses through your body.
You die...
Your body crumbles into a pile of gold.

....#..# #..#K....#
#..#..# ....#..#
#..#..#..# #..#..#
......## ### ..##....#
#..#..# ......#
....#..#....# ...####
......# ...KcKT#....#
... # ...<.##
#####.ok##...# # .....#
####...####.#...#
.....###.........##....#
.............#..hK..$§.#
...####..##..####K.....#
...#.........# ...y....#
...#.........#......§..#
..######..#######......#
................#...#..#
................#...#..#
..#..###.....######## §#
..#..#..............#


You could see 2 kobold brigands and a killer bee (fleeing).

Vanquished Creatures
  A two-headed ogre (D:8)
  Pikel (D:8)
  Prince Ribbit (D:6)
  A shadow (D:9)
  A wyvern (D:9)
  2 steam dragons (D:6)
  A black bear (D:8)
  3 centaurs
  A wolf (D:8)
  3 ogres
  A phantom (D:5)
  A kobold brigand (D:6)
  5 bullfrogs
  2 killer bees (D:7)
  3 jellies
  3 orc priests
  5 hounds
  A gnoll bouda (D:9)
  3 iguanas
  A sleepcap (D:3)
  Natasha (D:4)
  5 orc wizards
  5 gnolls (D:9)
  5 adders
  A white imp (D:6)
  5 ufetubi
  3 dart slugs
  15 orcs
  5 bats
  6 endoplasms
  2 giant cockroaches (D:3)
  3 goblins
  4 hobgoblins
  6 jackals
  9 kobolds
  6 quokkas
  2 ball pythons (D:1)
  4 frilled lizards (D:1)
  3 rats
130 creatures vanquished.

Vanquished Creatures (collateral kills)
  A two-headed ogre (D:8)
  A slime creature (D:9)
  A wraith (D:9)
  Grum (D:8)
  An orc warrior (D:9)
  A centaur (D:9)
  2 wolves (D:8)
  A kobold brigand (D:6)
  A scorpion (D:6)
  A killer bee (D:7)
  2 howler monkeys (D:8)
  An orc priest (D:9)
  A gnoll bouda (D:6)
  An orc wizard (D:9)
  2 orcs
  A kobold (D:6)
19 creatures vanquished.

Vanquished Creatures (others)
  A troll (D:9)
  A wyvern (D:9)
  An ice beast (D:6)
  An ogre (D:4)
  A phantom (D:6)
  A killer bee (D:7)
  An orc priest (D:9)
  An adder (D:6)
  3 kobolds (D:6)
11 creatures vanquished.

Grand Total: 160 creatures vanquished

Notes
Turn   | Place    | Note
-------+----------+-------------------------------------------
     0 | D:1      | H0rd4k the Octopode Artificer began the quest for the Orb.
     0 | D:1      | Reached XP level 1. HP: 13/13 MP: 1/1
    49 | D:1      | Reached skill level 1 in Unarmed Combat
   201 | D:1      | Reached XP level 2. HP: 18/18 MP: 2/2
   451 | D:1      | Reached skill level 1 in Shapeshifting
   657 | D:2      | Found an iron altar of Okawaru.
   694 | D:2      | Reached XP level 3. HP: 6/23 MP: 3/3
   921 | D:2      | Reached skill level 2 in Unarmed Combat
   963 | D:2      | Found a faded altar of an unknown god.
  1413 | D:3      | Reached XP level 4. HP: 24/28 MP: 4/4
  1939 | D:3      | Found a basalt altar of Yredelemnul.
  2205 | D:3      | Found a runed translucent door.
  2206 | D:3      | Noticed Crazy Yiuf
  2305 | D:4      | Noticed an ogre
  2311 | D:4      | Killed an ogre
  2312 | D:4      | Reached skill level 3 in Unarmed Combat
  2312 | D:4      | Reached XP level 5. HP: 33/33 MP: 5/5
  2351 | D:4      | Found a shimmering altar of Xom.
  2372 | D:4      | Noticed an ogre
  2377 | D:4      | Killed an ogre
  2378 | D:4      | Reached skill level 4 in Unarmed Combat
  2378 | D:4      | Reached XP level 6. HP: 39/39 MP: 6/6
  3113 | D:4      | Noticed Natasha
  3128 | D:5      | Entered Level 5 of the Dungeon
  3243 | D:4      | Killed Natasha
  3244 | D:4      | Reached XP level 7. HP: 44/44 MP: 7/7
  3255 | D:4      | Found a glowing silver altar of Zin.
  3255 | D:4      | Found a sparkling altar of Nemelex Xobeh.
  3277 | D:4      | Found a hide-covered altar of Uskayaw.
  3279 | D:4      | Found a faded altar of an unknown god.
  3281 | D:4      | Found a broken altar of Ashenzari.
  3318 | D:5      | Reached skill level 5 in Unarmed Combat
  3407 | D:5      | Noticed a two-headed ogre
  3755 | D:6      | Noticed Prince Ribbit
  3755 | D:6      | Noticed a steam dragon
  3927 | D:6      | Killed Prince Ribbit
  3928 | D:6      | Reached skill level 6 in Unarmed Combat
  4141 | D:6      | Reached XP level 8. HP: 50/50 MP: 8/8
  4202 | D:5      | Reached skill level 5 in Shapeshifting
  4553 | D:6      | You fall into a shaft and drop 3 floors!
  4587 | D:8      | Noticed Grum
  4590 | D:8      | Reached skill level 7 in Unarmed Combat
  4594 | D:8      | Killed Grum
  4601 | D:8      | HP: 2/51 [wolf[Grum] (9)]
  4846 | D:7      | Got the Collected Works on Unfortunate Pollution
  5014 | D:6      | Found a snail-covered altar of Cheibriados.
  5037 | D:6      | Reached skill level 8 in Unarmed Combat
  5171 | D:6      | Reached XP level 9. HP: 55/55 MP: 8/9
  5375 | D:6      | Reached skill level 9 in Unarmed Combat
  5929 | D:7      | Found a white marble altar of Elyvilon.
  6405 | D:7      | Found a staircase to the Ecumenical Temple.
  6417 | Temple   | Entered the Ecumenical Temple
  6433 | Temple   | Became a worshipper of Gozag Ym Sagoz the Greedy
  6590 | D:8      | Noticed Pikel
  6640 | D:8      | Killed Pikel
  6851 | D:8      | Reached skill level 10 in Unarmed Combat
  7003 | D:8      | Found a hazy altar of Hepliaklqana.
  7075 | D:8      | Noticed a two-headed ogre
  7107 | D:8      | Killed a two-headed ogre
  7108 | D:8      | Reached XP level 10. HP: 65/65 MP: 10/10
  7155 | D:8      | Killed a two-headed ogre
  7156 | D:8      | Reached skill level 1 in Throwing
  7441 | D:9      | Reached skill level 11 in Unarmed Combat
  7809 | D:9      | Found a staircase to the Lair.
  7848 | D:9      | Noticed a two-headed ogre
  7929 | D:9      | Reached skill level 5 in Fighting
  8235 | D:9      | Noticed a green ugly thing
  8313 | D:9      | Reached skill level 1 in Spellcasting
  8349 | D:9      | HP: 1/66 [poisoned by a kobold brigand]
  8350 | D:9      | Succumbed to a kobold brigand's poison

Illustrated notes

Levels and vault maps discovered:
D:1:      minmay_arrival_wavy_path, layout_rooms
D:2:      layout_basic, ebering_ecumenical_altar_mist, basic_altar,
          minmay_misc_feat_square
D:3:      layout_loops_ring, nicolae_overflow_hidden_temple,
          uniq_crazy_yiuf_cottage
D:4:      layout_loops_ring, lemuel_round_altar,
          chequers_temple_overflow_minitemple, minmay_hedge_maze, uniq_natasha
D:5:      layout_basic, kennysheep_decorative_pillar
D:6:      minmay_diamond_boxcup, layout_gridville, kennysheep_slug_shrine,
          serial_bayou_pond_c, uniq_prince_ribbit1
D:7:      layout_loops_corners, elyvilon_altar_1,
          minmay_temple_entry_butterflies
D:8:      layout_rooms, kennysheep_mini_moat, uniq_grum, uniq_pikel
D:9:      layout_grid_maze, lair_entry_dummy, chequers_serial_rivers_micro_d,
          minmay_pinched_square
Temple:   nicolae_temple_god_jail

Skill      XL: |  1  2  3  4  5  6  7  8  9 10 |
---------------+-------------------------------+-----
Unarmed Combat | 1 2 3 4 6 8 10 11 | 11.2
Shapeshifting  | 1 2 3 4 6 7 8 |  8.3
Fighting       | 2 4 5 |  5.3
Throwing       | 1 |  1.4
Spellcasting   | 1 |  1.6
Dodging        | |  2.3
Stealth        | |  1.3
Shields        | |  0.9
Evocations     | |  3.2

Action                     |  1- 3 |  4- 6 |  7- 9 | 10-12 || total
---------------------------+-------+-------+-------+-------++-------
  Melee: Unarmed           |    80 |    67 |   121 |    44 ||   312
         Constrict         |    19 |    20 |    25 |     9 ||    73
         Tentacles         |    20 |    16 |    33 |    11 ||    80
         Punch             |     2 |     1 |     6 |     5 ||    14
  Throw: Dart              |       |       |     5 |     1 ||     6
  Evoke: Wand              |       |     9 |    27 |    10 ||    46
    Use: Scroll            |       |       |    10 |     3 ||    13
         Potion            |       |       |     2 |     3 ||     5
   Stab: Sleeping          |     4 |    14 |     2 |       ||    20
 Armour: Skin              |    31 |    28 |    82 |    30 ||   171
  Dodge: Dodged            |    37 |    32 |    89 |    30 ||   188
  Block: Other             |       |       |     5 |     5 ||    10
   Form: Beast             |     1 |       |       |       ||     1
